 Dungeon Crawl Stone Soup version 0.28-a0-1524-ge72afd5fc6 (webtiles) character file.

Game seed: 11530179297782934300

81 HallandMoats the Skirmisher (level 4, -2/40 HPs)
             Began as a Ghoul Fighter on Jan 18, 2022.
             Was an Initiate of Ashenzari.
             Killed by divine providence
             ... invoked by an orc priest
              (15 damage)
             ... on level 3 of the Dungeon.
             The game lasted 00:01:22 (2332 turns).

HallandMoats the Skirmisher (Ghoul Fighter)         Turns: 2332, Time: 00:01:23

Health: -2/40      AC:  6    Str: 19    XL:     4   Next: 40%
Magic:  3/3        EV:  9    Int:  5    God:    Ashenzari [......]
Gold:   89         SH:  4    Dex:  8    Spells: 3/3 levels left

rFire   . . .      SeeInvis .   a - +0 war axe
rCold   + . .      Faith    .   c - +0 buckler of the Ruined Seer {Evo, Melee} (curse)
rNeg    + + +      Spirit   .   b - +0 scale mail
rPois   ∞          Reflect  .   (no helmet)
rElec   .          Harm     .   (no cloak)
rCorr   .          Rampage  .   (no gloves)
Will    .....                   (no boots)
Stlth   ..........              (no amulet)
HPRegen 0.00/turn               (no ring)
MPRegen 0.08/turn               (no ring)

@: mighty, inhibited regen
A: claws 1, cold resistance 1, negative energy resistance 3, inhibited
regeneration, torment resistance 2
a: Renounce Religion, Curse Item, Shatter the Chains


You were on level 3 of the Dungeon.
You worshipped Ashenzari.
Ashenzari was noncommittal.
You visited 1 branch of the dungeon, and saw 3 of its levels.

You collected 89 gold pieces.

Inventory:

Hand Weapons
 a - a +0 war axe (weapon)
Armour
 b - a +0 scale mail (worn)
 c - the cursed +0 buckler of the Ruined Seer (worn) {Evo, Melee}

   It has a curse which improves the following skills: Evocations: Evocations.
   Melee Combat: Short Blades, Long Blades, Axes, Maces & Flails, Polearms,
   Staves and Unarmed Combat.
Wands
 k - a wand of polymorph (6)
Scrolls
 e - 2 scrolls of identify {unknown}
 h - 2 scrolls of blinking {unknown}
 j - a scroll of noise {unknown}
 l - a scroll of teleportation {unknown}
 m - 2 scrolls of enchant weapon {unknown}
Potions
 f - a potion of curing {unknown}
 g - a potion of heal wounds {unknown}
 i - 2 potions of attraction {unknown}
 n - a potion of mutation {unknown}


   Skills:
 + Level 3.8 Fighting
 * Level 2.6(3.0) Axes
 + Level 3.0 Armour
 + Level 1.2 Dodging
 + Level 3.1 Shields


You had 3 spell levels left.
You didn't know any spells.
Your spell library was empty.

Dungeon Overview and Level Annotations

Branches:
Dungeon (3/15)

Altars:
Ashenzari

Shops:
D:2 (


Innate Abilities, Weirdness & Mutations

You thrive by killing the living.
You are immune to poison.
You have sharp fingernails.
Your flesh is cold resistant. (rC+)
You are immune to negative energy. (rN+++)
You do not regenerate when monsters are visible.
You are immune to unholy pain and torment.


Message History

No target in view!
A ball python comes into view.
The ball python hisses angrily.
You hit the ball python.
You kill the ball python!
An orc priest and an orc come into view.
The orc shouts!
You hear a shout! x2
The orc priest calls down the wrath of Beogh upon you.
Beogh smites you!
You hear a shout!
An orc priest comes into view. It is wielding a +0 short sword.
The orc priest shouts!
The orc priest looks braver for a moment.
The orc barely misses you.
An orc comes into view. It is wielding a +0 dagger.
You slash the orc!
You kill the orc!
The orc priest calls down the wrath of Beogh upon you.
Beogh smites you!
* * * LOW HITPOINT WARNING * * *
An orc comes into view. It is wielding a +0 club.
The orc priest begins to cast a cantrip, but forgets the words!
You feel very mighty all of a sudden.
You barely miss the orc. The orc hits you but does no damage.
You closely miss the orc. The orc barely misses you.
You barely miss the orc.
The orc priest begins to cast a cantrip, but forgets the words!
The orc barely misses you.
You hit the orc.
The orc is severely wounded.
The orc barely misses you. The orc hits you but does no damage.
You closely miss the orc.
The orc is severely wounded.
The orc hits you but does no damage.
You slash the orc!
You kill the orc!
You feel better.
The orc priest calls down the wrath of Beogh upon you.
Beogh smites you!
You die... ### #oo

#o# #)#
#@#########
#.........#
####.†....#
#######.###..##
..............+
######..#.#.###
#.....# #..#[#
......#
####..#.# ####
.....#
#...(.#.#


You could see 2 orc priests and an orc.

Vanquished Creatures
  A centaur skeleton (D:2)
  An adder (D:2)
  2 orcs (D:3)
  4 ball pythons
  3 bats
  5 endoplasms
  2 giant cockroaches (D:1)
  5 goblins
  7 hobgoblins
  4 frilled lizards
  2 kobolds (D:1)
  3 rats
39 creatures vanquished.

Notes
Turn   | Place    | Note
-------+----------+-------------------------------------------
     0 | D:1      | HallandMoats the Ghoul Fighter began the quest for the Orb.
     0 | D:1      | Reached XP level 1. HP: 19/19 MP: 0/0
   160 | D:1      | Reached XP level 2. HP: 23/26 MP: 1/1
   627 | D:1      | Found a faded altar of an unknown god.
   806 | D:1      | Prayed at the altar of an unknown god.
   806 | D:1      | Became a worshipper of Ashenzari the Shackled
  1107 | D:2      | Found Uni Xen's Antique Weapon Shoppe.
  1385 | D:2      | Reached XP level 3. HP: 31/31 MP: 2/2
  1389 | D:2      | Reached skill level 1 in Dodging
  1785 | D:2      | Reached XP level 4. HP: 31/40 MP: 3/3
  2332 | D:3      | Killed from afar by an orc priest

Illustrated notes

Levels and vault maps discovered:
D:1:      matt_arrival_diagonals, layout_loops_corners,
          hellmonk_ecumenical_altar_pennies_from_heaven
D:2:      layout_loops_corners, serial_shops, nicolae_lakefront_shop
D:3:      layout_basic

Skill      XL: |  1  2  3 |
---------------+----------+-----
Axes           | 2 |  2.6
Dodging        | 1 |  1.2
Shields        | 3 |  3.1
Armour         | 3 |  3.0
Fighting       | |  3.8

Action                   |  1- 3 |  4- 6 || total
-------------------------+-------+-------++-------
Melee: War axe           |    69 |    36 ||   105
Invok: Curse Item        |     1 |       ||     1
  Use: Potion            |       |     1 ||     1
Armor: Scale mail        |    21 |    12 ||    33
Dodge: Dodged            |    25 |    23 ||    48
Block: Buckler           |    16 |     6 ||    22

Table legend: (Time is in decaauts)
 A = Elapsed time spent in this place.
 B = Non-inter-level travel time spent in this place.
 C = Inter-level travel time spent in this place.
 D = Time resting spent in this place.
 E = Time spent auto-exploring this place.
 F = Levels seen in this place.
 G = Mean time per level.
                   A        B        C        D        E       F      G
               +--------+--------+--------+--------+--------+-----+--------+
         Total |   2376 |   2286 |     90 |      0 |   2003 |   3 |  792.0 |
       Dungeon |   2376 |   2286 |     90 |      0 |   2003 |   3 |  792.0 |
               +--------+--------+--------+--------+--------+-----+--------+

Top non-repeatable levels by time:
     D:1: 1111 daAuts
     D:2: 1046 daAuts
     D:3: 218 daAuts
